 Dungeon Crawl Stone Soup version 0.32-a0-779-g362cfcae2a (webtiles) character file.

Game seed: 7737151661983078440

250 hikkokomori the Vexing (level 5, 0/30 HPs)
             Began as a Deep Elf Hexslinger on Mar 19, 2024.
             Slain by an orc wizard
             ... wielding a +0 dagger
              (2 damage)
             ... on level 3 of the Dungeon.
             The game lasted 00:04:24 (2110 turns).

hikkokomori the Vexing (Deep Elf Hexslinger)        Turns: 2110, Time: 00:04:24

Health: 0/30       AC:  3    Str:  5    XL:     5   Next: 88%
Magic:  12/12      EV: 11    Int: 20    God:
Gold:   176        SH:  0    Dex: 17    Spells: 7/11 levels left

rFire   + . .        a - +1 sling
rCold   + . .        (no shield)
rNeg    . . .        e - +0 leather armour {rF+}
rPois   .            (no helmet)
rElec   .            (no cloak)
rCorr   .            (no gloves)
SInv    .            (no boots)
Will    .....        g - amulet of reflection
Stlth   +            k - ring of protection from cold
HPRegen 0.25/turn    (no ring)
MPRegen 0.13/turn

%: reflection
@: confused, mighty, weak-willed
A: no striking features
a: no special abilities


You were on level 3 of the Dungeon.
You visited 1 branch of the dungeon, and saw 3 of its levels.

You collected 176 gold pieces.

Inventory:

Hand Weapons
 a - a +1 sling (weapon)
Armour
 c - a +0 robe
 e - a +0 leather armour of fire resistance (worn)
Jewellery
 g - an amulet of reflection (around neck)
 k - a ring of protection from cold (left hand)
 l - an amulet of guardian spirit
Scrolls
 b - 2 scrolls of poison
 f - a scroll of vulnerability {unknown}
 h - 2 scrolls of identify {unknown}
 j - a scroll of brand weapon {unknown}
Potions
 d - a potion of lignification {unknown}


   Skills:
 + Level 2.2 Fighting
 + Level 4.3 Ranged Weapons
 - Level 2.4 Dodging
 + Level 3.5 Spellcasting
 + Level 5.2 Hexes
 + Level 2.4 Translocations
 - Level 1.4 Fire Magic


You had 7 spell levels left.
You knew the following spells:

 Your Spells              Type           Power      Damage    Failure   Level
a - Jinxbite              Hex            48%        N/A       4%          2
b - Blink                 Tloc           26%        N/A       13%         2

Your spell library contained the following spells:

 Spells                   Type           Power      Damage    Failure   Level
 Sigil of Binding         Hex            24%        N/A       8%          3
 Lesser Beckoning         Tloc           26%        N/A       13%         2
 Inner Flame              Hex/Fire       16%        N/A       17%         3
 Scorch                   Fire           18%        2d5       19%         2
 Momentum Strike          Conj/Tloc      16%        3d8       21%         2
 Cause Fear               Hex            12%        N/A       26%         4
 Dimensional Bullseye     Hex/Tloc       9%         N/A       43%         4
 Flame Wave               Conj/Fire      6%         2d5       86%         4
 Yara's Violent Unravell  Hex/Alch       7%         3d5       91%         5
 Death Channel            Necr           1%         N/A       100%        6
 Sculpt Simulacrum        Ice/Alch       1%         N/A       100%        6
 Summon Cactus Giant      Summ           1%         N/A       100%        6
 Enfeeble                 Hex            12%        N/A       100%        7


Dungeon Overview and Level Annotations

Branches:
Dungeon (3/15)

Altars:


Message History

The magic dart hits you!
The orc wizard points at you and mumbles some strange words.
You are confused.
The orc wizard hits you with a +0 dagger.
The orc wizard hits you with a +0 dagger.
The orc wizard hits you but does no damage.
The orc wizard attacks as it pursues you!
The orc wizard hits you but does no damage.
You see here a +0 trident.
You barely miss the orc wizard.
The orc wizard is severely wounded.
A giggling sprite leaps out and doodles on the orc wizard's face.
The orc wizard is almost dead.
You feel less confused.
The jinxing sprites lose interest in you.
The orc wizard misses you.
You shoot a sling bullet.
The sling bullet closely misses the orc wizard.
The orc wizard mumbles some strange words.
The orc wizard flickers and vanishes!
Deactivating autopickup; reactivate with Ctrl-A.
You shoot a sling bullet. Something hits you.
You shoot a sling bullet.
You hear some strange, mumbled words.
A puff of flame appears from out of thin air!
The puff of flame hits you. You resist.
* * * LOW HITPOINT WARNING * * *
Something hits you but does no damage.
You shoot a sling bullet. Something hits you.
* * * LOW HITPOINT WARNING * * *
You shoot a sling bullet.
You hear some strange, mumbled words.
You are confused.
You are too confused!
It was a potion of might.
You feel very mighty all of a sudden. Something hits you.
* * * LOW HITPOINT WARNING * * *
Something hits you.
You die...

............#
#.#
#...........#
#.#
#....#####..#
#.# ..... ##.#
#.# #.... .#
#)# ..... .#
#.# ##.. .#
#.# ##.. #.###
#)######
.....#
#.....#{@....#
......
.........#####
......
.........#
..<...
.........#
......
..#..##..#
##.#.# . #..
#..# . ....
... #..# ##
..#. ##.# ..
#.#


There were no monsters in sight!

Vanquished Creatures
  A scorpion (D:3)
  3 orc wizards (D:3)
  3 adders
  3 adder skeletons (D:2)
  2 adder zombies (D:2)
  A ribbon worm (D:2)
  3 dart slugs
  9 orcs (D:3)
  A bat skeleton (D:2)
  4 endoplasms (D:1)
  4 giant cockroaches
  3 goblins
  3 hobgoblins
  7 jackals
  2 quokkas (D:2)
  5 ball pythons
  5 bats
  A jackal zombie (D:2)
  6 kobolds
  A quokka skeleton (D:2)
  2 rats
69 creatures vanquished.

Notes
Turn   | Place    | Note
-------+----------+-------------------------------------------
     0 | D:1      | hikkokomori the Deep Elf Hexslinger began the quest for the
                  | Orb.
     0 | D:1      | Reached XP level 1. HP: 11/11 MP: 5/5
   136 | D:1      | Reached skill level 1 in Fighting
   141 | D:1      | Reached XP level 2. HP: 8/16 MP: 6/6
   221 | D:1      | Learned a level 2 spell: Jinxbite
   224 | D:1      | Learned a level 2 spell: Blink
   562 | D:2      | Reached XP level 3. HP: 20/20 MP: 8/8
   655 | D:2      | Reached skill level 1 in Translocations
  1111 | D:2      | Found a faded altar of an unknown god.
  1148 | D:2      | Reached XP level 4. HP: 20/25 MP: 9/9
  1379 | D:3      | Noticed a scorpion
  1388 | D:3      | Killed a scorpion
  1389 | D:3      | Reached XP level 5. HP: 22/30 MP: 9/11
  1474 | D:3      | Reached skill level 5 in Hexes
  2109 | D:3      | HP: 1/30 [something (4)]
  2110 | D:3      | Slain by an orc wizard

Illustrated notes

Levels and vault maps discovered:
D:1:      dpeg_arrival_radiant, layout_rooms, serial_glass, glass_columns_a,
          glass_columns_b, due_unseen_surprise
D:2:      layout_basic, ebering_ecumenical_altar_rust, serial_undead,
          serial_undead_f, serial_undead_a, serial_undead_c, serial_undead_a,
          serial_undead_b, serial_undead_a, minivault_19
D:3:      layout_basic, mainiacjoe_overflow_boulevard

Skill      XL: |  1  2  3  4  5 |
---------------+----------------+-----
Fighting       | 1 2 |  2.2
Ranged Weapons | 3 4 |  4.3
Spellcasting   | 2 3 |  3.5
Translocations | 1 2 |  2.4
Hexes          | 5 |  5.2
Dodging        | |  2.4
Fire Magic     | |  1.4

Action                     |  1- 3 |  4- 6 || total
---------------------------+-------+-------++-------
  Melee: Sling             |       |     5 ||     5
   Fire: Sling             |   112 |   108 ||   220
   Cast: Jinxbite          |       |     6 ||     6
    Use: Potion            |       |     2 ||     2
 Armour: Leather armour    |    19 |    57 ||    76
  Dodge: Dodged            |    21 |    30 ||    51
  Block: Other             |       |    14 ||    14

Table legend: (Time is in decaauts)
 A = Elapsed time spent in this place.
 B = Non-inter-level travel time spent in this place.
 C = Inter-level travel time spent in this place.
 D = Time resting spent in this place.
 E = Time spent auto-exploring this place.
 F = Levels seen in this place.
 G = Mean time per level.
                   A        B        C        D        E       F      G
               +--------+--------+--------+--------+--------+-----+--------+
         Total |   2176 |   2139 |     37 |      0 |   1693 |   3 |  725.3 |
       Dungeon |   2176 |   2139 |     37 |      0 |   1693 |   3 |  725.3 |
               +--------+--------+--------+--------+--------+-----+--------+

Top non-repeatable levels by time:
     D:2: 880 daAuts
     D:3: 757 daAuts
     D:1: 539 daAuts
